 Dungeon Crawl Stone Soup version 0.29-a0-322-g68df515428 (webtiles) character file.

Game seed: 6537130790738080888

18 GigaChad the Skirmisher (level 2, -1/27 HPs)
             Began as a Draconian Chaos Knight on Apr 7, 2022.
             Was a Plaything of Xom.
             Slain by a kobold
             ... wielding a +0 dagger
              (2 damage)
             ... on level 1 of the Dungeon.
             The game lasted 00:01:27 (393 turns).

GigaChad the Skirmisher (Draconian Chaos Knight)     Turns: 393, Time: 00:01:28

Health: -1/27      AC:  4    Str: 14    XL:     2   Next: 48%
Magic:  2/2        EV: 12    Int: 12    God:    Xom [..*...]
Gold:   13         SH:  0    Dex: 10    Spells: 1/1 levels left

rFire   . . .      SeeInvis .   a - +1 falchion (chaos)
rCold   . . .      Faith    .   (no shield)
rNeg    . . .      Spirit   .   (body armour unavailable)
rPois   .          Reflect  .   (helmet restricted)
rElec   .          Harm     .   (no cloak)
rCorr   .          Rampage  .   (no gloves)
Will    .....                   (no boots)
Stlth   +.........              (no amulet)
HPRegen 0.09/turn               (no ring)
MPRegen 0.08/turn               (no ring)

@: no status effects
A: AC +4, unfitting armour, cold-blooded
a: Renounce Religion


You were on level 1 of the Dungeon.
You worshipped Xom.
You were a toy of Xom.
You visited 1 branch of the dungeon, and saw 1 of its levels.

You collected 13 gold pieces.

Inventory:

Hand Weapons
 a - a +1 falchion of chaos (weapon)
 g - a +0 long sword
Potions
 d - a potion of heal wounds {unknown}
 e - a potion of haste {unknown}
 f - 2 potions of berserk rage {unknown}
Miscellaneous
 b - a piece from Xom's chessboard (15/15) (quivered)


   Skills:
 + Level 3.7 Fighting
 + Level 3.4 Long Blades
 + Level 2.3 Dodging


You had one spell level left.
You didn't know any spells.
Your spell library was empty.

Dungeon Overview and Level Annotations

Branches:
Dungeon (1/15)

Altars:


Innate Abilities, Weirdness & Mutations

Your plain brown scales are hard. (AC +4)
You cannot fit into any form of body armour.
You are cold-blooded and may be slowed by cold attacks.


Message History

You kill the hobgoblin!
The frilled lizard barely misses you.
The frilled lizard attacks as you move away!
The frilled lizard barely misses you.
The frilled lizard attacks as you move away!
The frilled lizard closely misses you. The kobold hits you but does no damage.
The hobgoblin closely misses you.
You hit the frilled lizard.
You kill the frilled lizard!
The kobold hits you with a +0 dagger.
You barely miss the kobold. The kobold barely misses you.
The kobold hits you with a +0 club.
* * * LOW HITPOINT WARNING * * *
The hobgoblin hits you but does no damage.
You barely miss the kobold.
Your tail-slap misses the kobold.
The kobold barely misses you. The kobold hits you but does no damage.
The hobgoblin barely misses you.
You closely miss the kobold.
Your tail-slap misses the kobold.
The kobold hits you but does no damage. The kobold hits you with a +0 dagger.
* * * LOW HITPOINT WARNING * * *
The hobgoblin barely misses you.
You closely miss the hobgoblin.
The kobold hits you but does no damage. x2
The hobgoblin barely misses you. The kobold attacks as you move away!
The kobold misses you. The hobgoblin misses you.
You barely miss the kobold. The kobold barely misses you. x2
The hobgoblin hits you.
* * * LOW HITPOINT WARNING * * *
The kobold barely misses you.
The hobgoblin hits you but does no damage.
The kobold attacks as you move away! The kobold hits you with a +0 dagger.
* * * LOW HITPOINT WARNING * * *
The kobold closely misses you.
You closely miss the kobold. The kobold barely misses you.
The hobgoblin barely misses you. The kobold hits you but does no damage.
The kobold misses you. The hobgoblin hits you.
* * * LOW HITPOINT WARNING * * *
The kobold hits you with a +0 dagger.
You die... "What!?
That's it?"

#........ ######.
#............# #.#..w
#............# .♣.. ♣.#
#............# ♣.♣ ♣.#
#............# ..♣
♣.###+#............# ♣.♣
♣.##...g...........# ..♣
♣♣..#..@K...........# .♣♣
♣...#...K...........# ..♣♣.♣
♣..#.......†.......# .....♣♣
♣...#'#............#
.♣♣.♣♣♣.♣♣♣...#.##############
†.♣♣♣.♣♣...†#...#
).....♣.....##..#
..#..#......##..#
(.#####+#######.##


You could see a hobgoblin and 2 kobolds.

Vanquished Creatures
  A dart slug (D:1)
  A ball python (D:1)
  An endoplasm (D:1)
  2 giant cockroaches (D:1)
  A goblin (D:1)
  2 hobgoblins (D:1)
  A quokka (D:1)
  2 frilled lizards (D:1)
  2 kobolds (D:1)
  A rat (D:1)
14 creatures vanquished.

Notes
Turn   | Place    | Note
-------+----------+-------------------------------------------
     0 | D:1      | GigaChad the Draconian Chaos Knight began the quest for the
                  | Orb.
     0 | D:1      | Reached XP level 1. HP: 19/19 MP: 1/1
    61 | D:1      | XOM: silly message
   162 | D:1      | Reached XP level 2. HP: 12/26 MP: 2/2
   393 | D:1      | HP: 1/27 [hobgoblin (1)]
   393 | D:1      | Slain by a kobold

Illustrated notes

Levels and vault maps discovered:
D:1:      heliophobic_arrival_battle_scene, layout_basic,
          chequers_ecumenical_altar_grove, minmay_heptomino_h4

Action                   || total
-------------------------++-------
Melee: Falchion          ||    37
       Tailslap          ||     3
  Use: Scroll            ||     1
Armor: Skin              ||    16
Dodge: Dodged            ||    39

Table legend: (Time is in decaauts)
 A = Elapsed time spent in this place.
 B = Non-inter-level travel time spent in this place.
 C = Inter-level travel time spent in this place.
 D = Time resting spent in this place.
 E = Time spent auto-exploring this place.
 F = Levels seen in this place.
 G = Mean time per level.
                   A        B        C        D        E       F      G
               +--------+--------+--------+--------+--------+-----+--------+
         Total |    398 |    398 |      0 |    117 |      5 |   1 |  398.0 |
       Dungeon |    398 |    398 |      0 |    117 |      5 |   1 |  398.0 |
               +--------+--------+--------+--------+--------+-----+--------+

Top non-repeatable levels by time:
     D:1: 398 daAuts
